 Dungeon Crawl Stone Soup version 0.28-a0-503-g83f2989fac (webtiles) character file.

Game seed: 205514552976335978

282 bande the Skirmisher (level 6, -6/58 HPs)
             Began as a Gargoyle Fighter on Sept 21, 2021.
             Killed from afar by Sigmund (10 damage)
             ... with a puff of flame
             ... on level 3 of the Dungeon.
             The game lasted 00:05:07 (3051 turns).

bande the Skirmisher (Gargoyle Fighter)             Turns: 3051, Time: 00:05:08

Health: -6/58      AC: 14    Str: 20    XL:     6   Next: 28%
Magic:  6/6        EV:  9    Int:  8    God:
Gold:   67         SH:  4    Dex: 11    Spells: 5/5 levels left

rFire   . . .      SeeInvis .   a - +0 war axe
rCold   . . .      Faith    .   c - +0 buckler
rNeg    + . .      Spirit   .   b - +0 scale mail
rPois   ∞          Reflect  .   (no helmet)
rElec   +          Harm     .   (no cloak)
rCorr   .          Rampage  .   h - +0 pair of gloves
Will    .....                   j - +0 pair of boots
Stlth   ..........              (no amulet)
HPRegen 0.19/turn               (no ring)
MPRegen 0.10/turn               (no ring)

@: berserking (expiring), attractive, very quick
A: sickness immunity, AC +4, negative energy resistance 1, electricity
resistance, torment resistance 1, petrification resistance
a: no special abilities


You were on level 3 of the Dungeon.
You visited 1 branch of the dungeon, and saw 3 of its levels.

You collected 67 gold pieces.

Inventory:

Hand Weapons
 a - a +0 war axe (weapon)
Armour
 b - a +0 scale mail (worn)
 c - a +0 buckler (worn)
 h - a +0 pair of gloves (worn)
 j - a +0 pair of boots (worn)
Scrolls
 f - 2 scrolls of amnesia
Potions
 d - 4 potions of might
 e - 2 potions of berserk rage


   Skills:
 + Level 4.4 Fighting
 + Level 4.1 Axes
 + Level 4.4 Armour
 + Level 0.3 Stealth
 + Level 4.1 Shields


You had 5 spell levels left.
You didn't know any spells.
Your spell library contained the following spells:

 Spells                   Type           Power      Damage    Failure   Level
 Summon Forest            Summ/Tloc      0%         N/A       100%        5
 Eringya's Noxious Bog    Tmut/Pois      0%         N/A       100%        6
 Summon Hydra             Summ           0%         N/A       100%        7


Dungeon Overview and Level Annotations

Branches:
Dungeon (3/15)

Altars:

Shops:
D:2 (

Annotations:
D:3 Sigmund


Innate Abilities, Weirdness & Mutations

You are immune to sickness and miasma.
Your stone body is resilient. (AC +4)
You are immune to poison.
You resist negative energy. (rN+)
You are resistant to electric shocks. (rElec)
You are resistant to unholy torment.
You are immune to petrification.


Message History

Something hits you!
* * * LOW HITPOINT WARNING * * *
Things that are here:
a +0 hand axe; 5 boomerangs; 8 gold pieces You hit the quokka.
You kill the quokka!
You miss something.
You feel better.
You hear some strange, mumbled words.
A magic dart appears from out of thin air!
The magic dart hits you but does no damage.
You barely miss something.
You hear a zap.
A puff of flame appears from out of thin air!
The puff of flame misses you.
You hear a zap.
A puff of flame appears from out of thin air!
The puff of flame hits you.
* * * LOW HITPOINT WARNING * * *
A red film seems to cover your vision as you go berserk!
You feel yourself moving faster!
You feel mighty! Something hits you.
* * * LOW HITPOINT WARNING * * *
You miss something. You miss something. Something hits you!
* * * LOW HITPOINT WARNING * * *
You miss something. You slash something!
You hear a zap.
A puff of flame appears from out of thin air!
You block the puff of flame.
You barely miss something.
You hear some strange, mumbled words.
A puff of flame appears from out of thin air!
The puff of flame hits you.
* * * LOW HITPOINT WARNING * * *
You barely miss something.
You hear a zap.
A puff of flame appears from out of thin air!
The puff of flame hits you!
You die...

#.#
#........#.......#
#.#
#...[....#.......#
...
#........#########
...
#.................
#...
#.......##########
#.... #....#####
#.#####..........
.................
......{@†........
.........##......
.........# ......
.........# ......
.........# ......
.........# ...
.........#
.........#


There were no monsters in sight!

Vanquished Creatures
  An ogre (D:3)
  The ghost of AttackTheMoon the Magician, an amateur GnWz (D:3)
  3 gnolls
  3 adders
  2 worms (D:2)
  3 dart slugs
  An orc (D:3)
  6 endoplasms
  2 giant cockroaches (D:2)
  5 goblins
  8 hobgoblins
  3 jackals (D:1)
  A quokka (D:3)
  3 ball pythons
  A bat (D:3)
  2 frilled lizards
  3 kobolds
  5 rats
53 creatures vanquished.

Notes
Turn   | Place    | Note
-------+----------+-------------------------------------------
     0 | D:1      | bande the Gargoyle Fighter began the quest for the Orb.
     0 | D:1      | Reached XP level 1. HP: 14/14 MP: 1/1
   288 | D:1      | Reached XP level 2. HP: 19/19 MP: 2/2
   533 | D:1      | Reached XP level 3. HP: 21/24 MP: 3/3
  1287 | D:1      | Reached XP level 4. HP: 18/29 MP: 4/4
  1523 | D:2      | Found Suki's Antique Weapon Emporium.
  2266 | D:3      | Found a runed translucent gate.
  2266 | D:3      | Found a runed translucent gate.
  2266 | D:3      | Found a runed translucent gate.
  2290 | D:3      | Noticed AttackTheMoon's ghost (amateur GnWz)
  2320 | D:3      | Noticed an ogre
  2326 | D:3      | Killed an ogre
  2327 | D:3      | Reached XP level 5. HP: 22/33 MP: 5/5
  2500 | D:3      | Killed AttackTheMoon's ghost
  2501 | D:3      | Reached XP level 6. HP: 15/39 MP: 6/6
  3019 | D:3      | Noticed Sigmund
  3051 | D:3      | Killed from afar by Sigmund

Illustrated notes

Levels and vault maps discovered:
D:1:      minmay_arrival_jagged, layout_basic, chequers_garden,
          minmay_split_cup_small
D:2:      layout_loops_corners, serial_shops, nicolae_shop_waterfront
D:3:      layout_basic, gammafunk_ghost_split, uniq_sigmund

Skill      XL: |  1  2  3  4  5 |
---------------+----------------+-----
Axes           | 2 3 4 |  4.1
Fighting       | 4 |  4.4
Armour         | 4 |  4.4
Shields        | 4 |  4.1
Stealth        | |  0.3

Action                   |  1- 3 |  4- 6 || total
-------------------------+-------+-------++-------
Melee: War axe           |    75 |    98 ||   173
  Use: Scroll            |     3 |     3 ||     6
       Potion            |       |     4 ||     4
Armor: Scale mail        |    43 |    55 ||    98
Dodge: Dodged            |    40 |    35 ||    75
Block: Buckler           |    19 |    19 ||    38

Table legend: (Time is in decaauts)
 A = Elapsed time spent in this place.
 B = Non-inter-level travel time spent in this place.
 C = Inter-level travel time spent in this place.
 D = Time resting spent in this place.
 E = Time spent auto-exploring this place.
 F = Levels seen in this place.
 G = Mean time per level.
                   A        B        C        D        E       F      G
               +--------+--------+--------+--------+--------+-----+--------+
         Total |   3115 |   3074 |     41 |    859 |   1680 |   3 | 1038.3 |
       Dungeon |   3115 |   3074 |     41 |    859 |   1680 |   3 | 1038.3 |
               +--------+--------+--------+--------+--------+-----+--------+

Top non-repeatable levels by time:
     D:2: 1199 daAuts
     D:1: 1025 daAuts
     D:3: 890 daAuts
